Map: Terrasses de Prion

Players

zidar

  • Race: Zerg Zerg
  • League: Silver
  • Spawn Location: 11:00

sauron - Winner!

  • Race: Zerg Zerg
  • Spawn Location: 5:00

VOD

Have the link to the VOD?

Description

Time

  • Played on: Dec. 16, 2015, 10:11 a.m.
  • Length: 6:18
Show
View Real Time Build Order
Export as new Build Order

zidar Zerg 

Build Orders: Pool First 

Get SALT Encoding   

  12  0:06  Drone  
  13  0:08  Drone  
  14  0:29  Spawning Pool  
  14  0:32  Drone  
  14  0:37  Overlord  
  14  0:46  Extractor  
  14  0:48  Drone  
  14  1:17  Zergling x2  
  15  1:19  Queen  
  15  1:22  Zergling x4  
  19  1:30  Zergling x2  
  20  1:41  Zergling x2  
  20  1:45  Metabolic Boost  
  21  1:51  Zergling x2  
  22  2:13  Overlord  
  22  2:14  Overlord  
  22  2:32  Zergling x8  
  25  2:47  Zergling x2  
  21  3:35  Zergling x12  
  22  3:50  Zergling x2  
  23  4:00  Hatchery  
  23  4:01  Zergling x2  
  17  4:27  Zergling x2  
  17  4:28  Zergling x6  
  21  4:39  Zergling x2  
  20  5:07  Baneling Nest  
  19  5:13  Queen  
  21  5:16  Drone x8  
  29  5:48  Roach Warren  
  28  5:50  Drone  
  28  5:51  Drone x7  
  36  5:59  Baneling x3  
  36  6:00  Baneling x2  
Show
View Real Time Build Order
Export as new Build Order

sauron Zerg - Winner!

Build Orders: Hatch First 

Get SALT Encoding   

  12  0:05  Drone  
  13  0:10  Drone  
  14  0:15  Extractor  
  14  0:19  Overlord  
  13  0:25  Drone  
  14  0:57  Hatchery  
  13  1:12  Spawning Pool  
  12  1:21  Drone x2  
  14  1:26  Drone  
  15  1:36  Drone  
  16  1:45  Drone  
  16  2:09  Zergling x4  
  16  2:14  Zergling x2  
  19  2:17  Drone  
  19  2:21  Spine Crawler  
  19  2:25  Drone  
  19  2:27  Spine Crawler  
  19  2:28  Metabolic Boost  
  19  2:34  Zergling x2  
  20  2:41  Zergling x4  
  19  2:49  Zergling x4  
  23  2:57  Zergling x2  
  24  3:04  Drone  
  25  3:15  Queen  
  25  3:17  Zergling x2  
  25  3:18  Zergling x2  
  23  3:39  Zergling x4  
  25  3:42  Zergling x2  
  26  3:53  Zergling x2  
  27  3:56  Zergling x2  
  28  4:07  Evolution Chamber  
  27  4:10  Drone  
  27  4:22  Zergling x4  
  26  4:24  Overlord  
  27  4:38  Zergling x4  
  26  4:53  Zergling x10  
  31  5:01  Pneumatized Carapace  
  31  5:02  Zergling x2  
  31  5:04  Queen  
  34  5:08  Overlord  
  34  5:11  Drone  
  35  5:25  Overlord  
  35  5:26  Overlord  
  35  5:43  Zergling x2  
  35  5:44  Zergling x8  
Tags
 
Add a new tag
Caveats
  • Supply blocks, unpowered buildings, or Contaminate may cause inaccurate times.
  • Supply counts are checked every 10 seconds.